AoeStats
← Elmatigol

Yucatan

510568778Analyzed
2v2 RM · 18h ago on Oct 1, 2026· 31m 9s· 4 players
Game mode
Random Map
Map size
Medium (4 player)
Population
200
Speed
Normal
Resources
Standard
Victory
Conquest
Starting age
Dark Age
Ending age
Imperial Age
RankedLock teamsTeams togetherTeam positionsShared explorationLock speedFull tech treeHidden civsTurbo modeCheats
Victory
Defeat
🇦🇷 Inca · Argentina
1015
+15
🇺🇸 Mongols · United States
1006
+15
🇺🇾 Lithuanians · Uruguay
994
-16
🇺🇾 Vietnamese · Uruguay
976
-14
Elmatigol
13:20 Feudal Age
14:18 Loom
14:45 Double-Bit Axe
19:46 Castle Age
19:26 Fletching
20:28 Crossbowman
Pietroski
0:29 Loom
11:53 Feudal Age
12:26 Double-Bit Axe
12:28 Town Watch
23:58 Castle Age
30:09 Fletching
Cloud Splitter
8:59 Loom
10:45 Feudal Age
11:01 Feudal Age
13:05 Double-Bit Axe
15:21 Bloodlines
15:06 Gold Mining
15:03 Horse Collar
18:49 Castle Age
17:01 Scale Barding Armor
17:06 Forging
18:40 Wheelbarrow
18:53 Light Cavalry
19:37 Husbandry
20:16 Iron Casting
20:02 Chain Barding Armor
24:36 Heavy Plow
24:48 Bow Saw
28:04 Hand Cart
emanuelmugna
5:10 Loom
5:55 Loom
7:11 Loom
8:58 Feudal Age
9:32 Champi Runner
10:05 Double-Bit Axe
10:40 Arson
16:45 Forging
18:31 Scale Mail Armor
26:44 Castle Age
26:14 Horse Collar
28:29 Squires
28:22 Champi Warrior
30:18 Chain Mail Armor
Connection lost

Rejoining the realm…

Still unreachable

The connection could not be restored.

Session expired

The server has moved on; the page needs a fresh start.